 Dungeon Crawl Stone Soup version 0.16-a0-3880-g9314259 (webtiles) character file.

175 Gorice the Slasher (level 5, 0/33 HPs)
             Began as a Tengu Fighter on Feb 1, 2015.
             Succumbed to a worker ant's poison
             ... on level 3 of the Dungeon.
             The game lasted 00:12:57 (2409 turns).

Gorice the Slasher (Tengu Fighter)                  Turns: 2409, Time: 00:12:57

Health: 0/33       AC:  7    Str: 17    XL:     5   Next: 55%
Magic:  7/7        EV:  8    Int:  8    God:
Gold:   138        SH:  9    Dex: 14    Spells: 0 memorised, 4 levels left

rFire  . . .     SeeInvis .     a - +0 long sword
rCold  + . .     Clarity  .     t - +2 ring mail {rC+}
rNeg   . . .     SustAb   .     c - +0 shield
rPois  .         Gourm    .     (helmet restricted)
rElec  .         Spirit   .     (no cloak)
rCorr  .         Warding  .     (no gloves)
rMut   .         Stasis   .     (boots unavailable)
MR     .....                    (no amulet)
Stlth  ..........               (no ring)
                                l - ring of loudness (curse)

@: lethally poisoned (0 -> -5), not resistant to hostile enchantments, extremely
unstealthy
A: able to fly, beak, talons 3
a: Fly


You were on level 3 of the Dungeon.
You were not hungry.

You visited 1 branch of the dungeon, and saw 3 of its levels.

You collected 138 gold pieces.

Inventory:

Hand weapons
 a - a +0 long sword (weapon)
 o - a cursed -2 dagger
 p - a +0 dagger of venom
   (You took it off a kobold on level 2 of the Dungeon)
 q - a +0 halberd
Missiles
 k - 44 arrows
 Z - 51 stones (quivered)
Armour
 b - a +0 scale mail
 c - a +0 shield (worn)
 r - a +0 chain mail
 t - a +2 ring mail of cold resistance (worn)
   (You took it off an orc on level 2 of the Dungeon)
Jewellery
 l - a cursed ring of loudness (left hand)
Scrolls
 h - 3 scrolls of remove curse
 m - a scroll of magic mapping {!r}
Potions
 e - a potion of might {!q}
 i - a potion of flight
Comestibles
 d - 2 bread rations {!e}
 j - a beef jerky
 n - a meat ration {!e}
 s - 5 chunks of flesh
 u - a royal jelly


   Skills:
 + Level 4.0 Fighting
 * Level 4.9 Long Blades
 + Level 4.0 Armour
 - Level 3.0 Shields


You had 4 spell levels left.
You didn't know any spells.

Dungeon Overview and Level Annotations

Branches:
Dungeon (3/15)

Altars:

Annotations:
D:3 Jessica; Stick's ghost, average DsFE


Innate Abilities, Weirdness & Mutations

You can fly.
You have a beak for a mouth.
You have claws for feet.


Message History

[Y]es or [N]o only, please.
Really quaff
e - 2 potions of might {!q}? [Y]es or [N]o only, please.
Really quaff
e - 2 potions of might {!q}? [Y]es or [N]o only, please.
Really quaff
e - 2 potions of might {!q}?
You feel very mighty all of a sudden.
* * * LOW HITPOINT WARNING * * *
You feel sick. You block the worker ant's attack.
The worker ant waves its antennae.
You block the worker ant's attack.
You take 1 damage.
Unknown command.
You slash the worker ant!
You kill the worker ant!
Your Fighting skill increases to level 4!
Your Armour skill increases to level 4!
* * * LOW HITPOINT WARNING * * *
You feel sick.
Some of the chunks of flesh in your inventory have rotted away.
You take 1 damage.
Drink which item? (? for menu, Esc to quit)
It was a potion of flight.
You feel very buoyant.
You swoop lightly up into the air.
* * * LOW HITPOINT WARNING * * *
You feel sick.
Drink which item? (? for menu, Esc to quit)
It was a potion of agility.
You feel agile all of a sudden.
* * * LOW HITPOINT WARNING * * *
You feel sick.
You take 1 damage.
Drink which item? (? for menu, Esc to quit)
It was a potion of cancellation.
Your magical effects are unravelling.
You feel magically purged.
You feel a little less mighty now.
You feel a little less agile now.
* * * LOW HITPOINT WARNING * * *
You feel sick.
You take 1 damage.
Put on which piece of jewellery? (? for menu, Esc to quit)
Oops, that ring feels deathly cold.
l - a cursed ring of loudness (left hand)
You float gracefully downwards.
* * * LOW HITPOINT WARNING * * *
You feel sick.
You take 1 damage.
An adder comes into view.
You die...

#..##.........#
####..##.........#
...........).(...#
###..##..........#
......#..........#
..#.#.#..........#
..#. .#....####### .
#.
.#....##############
#.
.#.....†...@.......S
###.###############
#.# #.# ... ... ...
.


You could see an adder (sleeping).

Vanquished Creatures
  A worker ant (D:3)
  An orc wizard (D:3)
  2 adders (D:2)
  4 gnolls
  2 worms (D:2)
  A giant gecko (D:1)
  6 orcs
  6 bats
  8 goblins
  2 hobgoblins (D:1)
  2 jackals (D:2)
  7 kobolds
  2 quokkas
  2 giant cockroaches (D:2)
  2 giant newts
  6 rats
54 creatures vanquished.

Notes
Turn   | Place    | Note
--------------------------------------------------------------
     0 | D:1      | Gorice, the Tengu Fighter, began the quest for the Orb.
     0 | D:1      | Reached XP level 1. HP: 14/14 MP: 1/1
   184 | D:1      | Reached XP level 2. HP: 17/19 MP: 3/3
   503 | D:1      | Reached skill level 3 in Long Blades
   840 | D:2      | Reached XP level 3. HP: 19/23 MP: 4/4
  1205 | D:2      | Reached XP level 4. HP: 20/28 MP: 5/5
  1489 | D:3      | Noticed Jessica
  1837 | D:2      | Reached skill level 4 in Long Blades
  2032 | D:3      | Noticed Stick's ghost (average DsFE)
  2202 | D:2      | Reached XP level 5. HP: 23/33 MP: 7/7
  2399 | D:3      | HP: 7/33 [worker ant (4)]
  2402 | D:3      | Reached skill level 4 in Fighting
  2402 | D:3      | Reached skill level 4 in Armour
  2404 | D:3      | HP: 3/33 [poisoned by a worker ant]
  2407 | D:3      | HP: 1/33 [poisoned by a worker ant]
  2409 | D:3      | Succumbed to a worker ant's poison

Action                   |  1- 3 |  4- 6 || total
-------------------------+-------+-------++-------
Melee: Long sword        |    92 |    84 ||   176
Throw: Stone             |    22 |     5 ||    27
  Use: Scroll            |     4 |     3 ||     7
       Potion            |       |     4 ||     4
  Eat: Chunk             |     1 |     4 ||     5

Table legend:
 A = Turns spent in this place as a percentage of turns spent in the entire game.
 B = Non-inter-level travel turns spent in this place as a percentage of non-inter-level travel turns spent in the entire game.
 C = Inter-level travel turns spent in this place as a percentage of turns spent in this place.
 D = Turns resting spent in this place as a percentage of non-inter-level travel turns spent in this place.
 E = Turns spent auto-exploring this place as a percentage of non-inter-level travel turns spent in this place.
 F = Non-inter-level travel turns spent in this place divided by the number of levels of this place that you've seen.
                   A       B       C       D       E      F
               +-------+-------+-------+-------+-------+----------------------
         Total | 100.0 | 100.0 |   0.5 |   1.9 |   3.1 | 366.7
       Dungeon | 100.0 | 100.0 |   0.5 |   1.9 |   3.1 | 366.7
               +-------+-------+-------+-------+-------+----------------------

Vault maps used:
D:1:      dpeg_arrival_arbitrary_c, minivault_24
D:2:      first_bread, st_stairs_7
D:3:      lemuel_crystal_altar, uniq_iyjb, uniq_jessica
